 Dungeon Sprint DCSS version 0.26-a0-658-gbdda728c12 (webtiles) character file.

Game seed: 11475407184331368775

112 DogServant the Jinx (level 4, -1/21 HPs)
             Began as a Spriggan Enchanter on Oct 5, 2020.
             Killed from afar by Sigmund (6 damage)
             ... with a puff of flame
             ... in the Dungeon (Sprint I: "Red Sonja").
             The game lasted 00:00:42 (769 turns).

DogServant the Jinx (Spriggan Enchanter)             Turns: 769, Time: 00:00:42

Health: -1/21      AC:  2    Str:  4    XL:     4   Next: 64%
Magic:  8/9        EV: 18    Int: 16    God:
Gold:   54         SH:  0    Dex: 17    Spells: 7/8 levels left

rFire    . . .     SeeInvis +   a - +1 dagger
rCold    . . .     Faith    .   (shield restricted)
rNeg     . . .     Spirit   .   b - +0 robe
rPois    .         Reflect  .   (helmet restricted)
rElec    .         Harm     .   (no cloak)
rCorr    .         Rampage  .   (gloves unavailable)
MR       .....     NoTele   +   (boots unavailable)
Stlth    +++.......             (no amulet)
HPRegen  0.07/turn              (no ring)
MPRegen  0.11/turn              (no ring)

@: very quick
A: very small, unfitting armour, see invisible, speed 3
a: no special abilities


You were in the Dungeon.
You visited 1 branch You collected 54 gold pieces.

Inventory:

Hand Weapons
 a - a +1 dagger (weapon)
Armour
 b - a +0 robe (worn)
Scrolls
 i - a scroll of blinking
Potions
 d - a potion of curing
 e - a potion of heal wounds
 f - a potion of haste
 g - 2 potions of magic


   Skills:
 - Level 1.1 Short Blades
 - Level 3.0 Dodging
 - Level 4.4 Stealth
 - Level 2.6 Spellcasting
 + Level 11.4 Hexes


You had 7 spell levels left.
You knew the following spells:

 Your Spells              Type           Power        Failure   Level
a - Corona                Hex            #####..      1%          1

Your spell library contained the following spells:

 Spells                   Type           Power        Failure   Level
 Confusing Touch          Hex            #####...     1%          3
 Tukima's Dance           Hex            #####...     1%          3
 Ensorcelled Hibernation  Hex/Ice        ###...       2%          2
 Dazzling Flash           Conj/Hex       ###...       5%          3


Dungeon Overview and Level Annotations

Branches:
Dungeon (1/1)

Altars:

Annotations:
D Sigmund


Innate Abilities, Weirdness & Mutations

You are very small and have problems with some larger weapons.
You are too small for most types of armour.
You have supernaturally acute eyesight. (SInv)
You cover ground extremely quickly.


Message History

Sigmund hits you but does no damage.
You closely miss Sigmund.
Sigmund is severely wounded.
Casting: Corona (safe; 1% risk of failure)
Confirm with . or Enter, or press ? or * to list all spells.
Aiming: Corona (safe; 1% risk of failure)
Press: ? - help, Shift-Dir - straight line, f - Sigmund
Aim: Sigmund, wielding a +0 scythe and wearing a +0 robe (severely wounded, chance to defeat MR: 81%) Sigmund is outlined in light.
Sigmund gestures at you while chanting. The magic dart hits you.
* * * LOW HITPOINT WARNING * * *
You hit Sigmund but do no damage.
Sigmund is severely wounded.
Sigmund misses you.
You barely miss Sigmund.
Sigmund is severely wounded.
Sigmund casts a spell at you. The puff of flame hits you.
You die...

#############
#<.#..'..#.@+
#..'[.#.)'@.#
#..#####'####
#..# #..#
#..# ####
#..# #⌠⌠#
####


You could see Sigmund (corona).

Vanquished Creatures
  An ogre (D)
  Ijyb (D)
2 creatures vanquished.

Vanquished Creatures (others)
  A gargoyle (D)
1 creature vanquished.

Grand Total: 3 creatures vanquished

Notes
Turn   | Place    | Note
-------+----------+-------------------------------------------
     0 | D        | DogServant the Spriggan Enchanter began the quest for the
                  | Orb.
     0 | D        | Reached XP level 1. HP: 9/9 MP: 5/5
     1 | D        | Noticed Ijyb
    30 | D        | Killed Ijyb
    30 | D        | Reached skill level 7 in Hexes
    30 | D        | Reached XP level 2. HP: 2/13 MP: 6/6
   483 | D        | Noticed an ogre
   497 | D        | Killed an ogre
   497 | D        | Reached skill level 11 in Hexes
   497 | D        | Reached XP level 3. HP: 2/16 MP: 8/8
   497 | D        | Reached XP level 4. HP: 3/21 MP: 9/9
   719 | D        | Killed a gargoyle
   759 | D        | Noticed Sigmund
   769 | D        | Killed from afar by Sigmund

Illustrated notes

Levels and vault maps discovered:
D:        dungeon_sprint_1 [red_sonja_temple_1, red_sonja_temple_small_1]

Skill      XL: |  1  2 |
---------------+-------+-----
Hexes          | 7 11 | 11.4
Short Blades   | |  1.1
Dodging        | |  3.0
Stealth        | |  4.4
Spellcasting   | |  2.6

Action                   |  1- 3 |  4- 6 || total
-------------------------+-------+-------++-------
Melee: Dagger            |    37 |     7 ||    44
 Cast: Corona            |     2 |     1 ||     3
  Use: Potion            |     1 |       ||     1
 Stab: Sleeping          |     1 |     1 ||     2
Armor: Robe              |     3 |       ||     3
Dodge: Dodged            |    22 |     1 ||    23

Table legend: (Time is in decaauts)
 A = Elapsed time spent in this place.
 B = Non-inter-level travel time spent in this place.
 C = Inter-level travel time spent in this place.
 D = Time resting spent in this place.
 E = Time spent auto-exploring this place.
 F = Levels seen in this place.
 G = Mean time per level.
                   A        B        C        D        E       F      G
               +--------+--------+--------+--------+--------+-----+--------+
         Total |    770 |    770 |      0 |    713 |      0 |   1 |  770.0 |
       Dungeon |    770 |    770 |      0 |    713 |      0 |   1 |  770.0 |
               +--------+--------+--------+--------+--------+-----+--------+

Top non-repeatable levels by time:
       D: 770 daAuts
